 Dungeon Sprint DCSS version 0.19.3-4-gbf9329e (webtiles) character file.

970 Kagutsuchi the Carver (level 7, -4/73 HPs)
             Began as a Red Draconian Berserker on Jan 27, 2017.
             Was an Elder of Trog.
             Slain by a tyrant leech (6 damage)
             ... in the Dungeon (Sprint II: "The Violet Keep of Menkaure").
             The game lasted 00:01:35 (689 turns).

Kagutsuchi the Carver (Red Draconian Berserker)      Turns: 689, Time: 00:01:35

Health: -4/73      AC:  6    Str: 19    XL:     7   Next: 94%
Magic:  7/7        EV: 16    Int:  8    God:    Trog [****..]
Gold:   729        SH:  0    Dex: 12    Spells: 0 memorised, 6 levels left

rFire  + . .     SeeInvis .     b - +0 spear
rCold  . . .     Gourm    .     (armour unavailable)
rNeg   . . .     Faith    .     (no shield)
rPois  .         Spirit   .     (helmet restricted)
rElec  .         Reflect  .     (no cloak)
rCorr  .         Harm     .     (no gloves)
MR     .....     NoTele   +     (no boots)
Stlth  +.........               (no amulet)
                                (no ring)
                                (no ring)

@: exhausted, slowed, very slow
A: breathe fire, unfitting armour, fire resistance 1, cold-blooded, AC +6
a: Breathe Fire, Berserk, Trog's Hand, Brothers in Arms, Burn Spellbooks,
Renounce Religion


You were in the Dungeon.
You worshipped Trog.
Trog was greatly pleased with you.
You were not hungry.

You visited 1 branch You collected 729 gold pieces.

Inventory:

Hand Weapons
 a - a +0 falchion
 b - a +0 spear (weapon)
Scrolls
 h - a scroll of blinking
Potions
 e - a potion of haste
 f - 2 potions of magic
 g - a potion of berserk rage


   Skills:
 + Level 10.8 Fighting
 + Level 11.8 Long Blades
 + Level 2.0 Polearms
 + Level 8.3 Dodging
 + Level 0.2 Stealth


You had 6 spell levels left.
You didn't know any spells.

Dungeon Overview and Level Annotations

Branches:
Dungeon (1/1)

Altars:


Innate Abilities, Weirdness & Mutations

You can breathe blasts of fire.
Your fiery red scales are hard. (AC +6)
You cannot fit into any form of body armour.
Your flesh is heat resistant. (rF+)
You are cold-blooded and may be slowed by cold attacks.


Message History

You kill the tyrant leech!
Trog accepts your kill.
You can now call in reinforcements.
Your Polearms skill gained 2 levels and is now at level 2!
You hit the tyrant leech.
Your tail-slap misses the tyrant leech.
The tyrant leech is lightly wounded.
You are no longer berserk.
You are exhausted.
You feel yourself slow down. The tyrant leech completely misses you.
You feel much better. The tyrant leech bites you!
* * * LOW HITPOINT WARNING * * *
The tyrant leech draws strength from your injuries!
You closely miss the tyrant leech.
Your tail-slap misses the tyrant leech.
The tyrant leech closely misses you.
You closely miss the tyrant leech. The tyrant leech bites you!
* * * LOW HITPOINT WARNING * * *
The tyrant leech draws strength from your injuries!
You hit the tyrant leech.
Your tail-slap misses the tyrant leech.
The tyrant leech is lightly wounded.
The tyrant leech bites you.
You die...

##+## ##...##
#..#รท.# ##
#...## #
##.###'## .##
#...##.##$..#
+##.'.<@w#
#...##.##...#
##.###'## .##
####.#.## #
#..#..#
###.### #+#


You could see a tyrant leech.

Vanquished Creatures
  A siren (D)
  A tyrant leech (D)
  4 necrophages (D)
  4 worker ants (D)
10 creatures vanquished.

Vanquished Creatures (others)
  A crocodile (D)
1 creature vanquished.

Grand Total: 11 creatures vanquished

Notes
Turn   | Place    | Note
-------+----------+-------------------------------------------
     0 | D        | Kagutsuchi the Draconian Berserker began the quest for the Orb.
     0 | D        | Reached XP level 1. HP: 19/19 MP: 1/1
     1 | D        | Noticed a tyrant leech
     1 | D        | Noticed a tyrant leech
     5 | D        | Noticed a worker ant
     5 | D        | Noticed a worker ant
     5 | D        | Noticed a worker ant
     5 | D        | Noticed a worker ant
     9 | D        | Killed a worker ant
     9 | D        | Reached skill level 4 in Long Blades
     9 | D        | Reached XP level 2. HP: 28/28 MP: 2/2
    15 | D        | Reached skill level 5 in Fighting
    15 | D        | Reached skill level 5 in Long Blades
    15 | D        | Reached XP level 3. HP: 36/36 MP: 3/3
    18 | D        | Reached ** piety under Trog
    18 | D        | Reached XP level 4. HP: 44/44 MP: 4/4
    20 | D        | Reached skill level 6 in Long Blades
    20 | D        | Reached skill level 5 in Dodging
   177 | D        | Noticed a necrophage
   177 | D        | Noticed a necrophage
   177 | D        | Noticed a necrophage
   177 | D        | Noticed a necrophage
   185 | D        | Killed a necrophage
   185 | D        | Reached skill level 7 in Long Blades
   185 | D        | Reached XP level 5. HP: 52/52 MP: 5/5
   187 | D        | Killed a necrophage
   187 | D        | Reached skill level 8 in Long Blades
   187 | D        | Reached XP level 6. HP: 61/61 MP: 6/6
   191 | D        | Reached *** piety under Trog
   191 | D        | Reached skill level 9 in Long Blades
   195 | D        | Reached skill level 10 in Long Blades
   300 | D        | Noticed a siren
   319 | D        | Killed a siren
   319 | D        | Reached skill level 10 in Fighting
   319 | D        | Reached skill level 11 in Long Blades
   319 | D        | Your scales start taking on a fiery red colour.
   319 | D        | Reached XP level 7. HP: 19/72 MP: 7/7
   319 | D        | Gained mutation: Your flesh is heat resistant. (rF+) [Red Draconian growth]
   684 | D        | Killed a tyrant leech
   684 | D        | Reached **** piety under Trog
   688 | D        | HP: 2/73 [tyrant leech (17)]
   689 | D        | Slain by a tyrant leech

Skill      XL: |  1  2  3  4  5  6  7 |
---------------+----------------------+-----
Fighting       | 4 5 7 8 10 | 10.8
Long Blades    | 4 5 7 8 11 | 11.8
Dodging        | 3 4 5 6 8 |  8.3
Polearms       | 2 |  2.0
Stealth        | |  0.2

Action                   |  1- 3 |  4- 6 |  7- 9 || total
-------------------------+-------+-------+-------++-------
Melee: Falchion          |    11 |    33 |       ||    44
       Tailslap          |     2 |     2 |     1 ||     5
       Spear             |       |       |    22 ||    22
Invok: Berserk           |     1 |     1 |     1 ||     3
  Use: Potion            |       |     1 |     1 ||     2
  Eat: Bread ration      |       |     1 |       ||     1
Armor: Skin              |     2 |       |       ||     2
Dodge: Dodged            |     9 |     8 |     6 ||    23
       Rpst.: Falchion   |     1 |     4 |       ||     5
